 Dungeon Crawl Stone Soup version 0.27.1 (webtiles) character file.

Game seed: 1206678615212161482

100 ZARRMARR the Grave Robber (level 4, -3/24 HPs)
             Began as a Deep Elf Necromancer on Aug 31, 2021.
             Slain by an ufetubus (4 damage)
             ... in a sewer.
             The game lasted 00:17:21 (4550 turns).

ZARRMARR the Grave Robber (Deep Elf Necromancer)    Turns: 4550, Time: 00:17:22

Health: -3/24      AC:  3    Str:  5    XL:     4   Next: 46%
Magic:  12/12      EV: 12    Int: 27    God:
Gold:   135        SH:  0    Dex: 15    Spells: 8/12 levels left

rFire    . . .     SeeInvis .   b - +1 dagger
rCold    . . .     Faith    .   (no shield)
rNeg     . . .     Spirit   .   a - +0 robe
rPois    .         Reflect  .   l - +1 hat
rElec    .         Harm     .   (no cloak)
rCorr    .         Rampage  .   (no gloves)
Will     .....                  (no boots)
Stlth    ++........             (no amulet)
HPRegen  0.08/turn              c - +6 ring of intelligence
MPRegen  0.13/turn              (no ring)

@: flying
A: no striking features
a: no special abilities


You were in a sewer.
You visited 1 branch of the dungeon, and saw 3 of its levels.
You also visited: Sewer.

You collected 135 gold pieces.

Inventory:

Hand Weapons
 b - a +1 dagger (weapon)
Missiles
 e - a boomerang (quivered)
 h - 24 arrows
 i - 5 poisoned darts
Armour
 a - a +0 robe (worn)
 l - a +1 hat (worn)
Jewellery
 c - a +6 ring of intelligence (left hand)
Scrolls
 f - a scroll of immolation {unknown}
Potions
 d - a potion of flight
 g - a potion of degeneration {unknown}
 j - 2 potions of ambrosia {unknown}
 k - a potion of resistance {unknown}


   Skills:
 + Level 2.6 Dodging
 + Level 2.5 Stealth
 + Level 4.7 Spellcasting
 + Level 6.1 Necromancy


You had 8 spell levels left.
You knew the following spells:

 Your Spells              Type           Power      Damage    Failure   Level
a - Pain                  Necr           100%       1d9       1%          1
b - Vampiric Draining     Necr           19%        2d8       1%          3

Your spell library contained the following spells:

 Spells                   Type           Power      Damage    Failure   Level
 Animate Skeleton         Necr           78%        N/A       1%          1
 Animate Dead             Necr           19%        N/A       6%          4
 Agony                    Necr           39%        N/A       16%         5


Dungeon Overview and Level Annotations

Branches:
Dungeon (3/15)              Sewer (1/1)

Altars:
Cheibriados


Message History

Aim: a shadow imp (53% to hit)
You throw a boomerang.
The boomerang closely misses the shadow imp.
The boomerang hits the ufetubus.
The ufetubus is moderately wounded.
You closely miss the shadow imp. The shadow imp closely misses you.
The ufetubus hits you but does no damage.
The ufetubus closely misses you.
You see here a ball python corpse.
You barely miss the shadow imp. You barely miss the ufetubus.
The ufetubus is moderately wounded.
The ufetubus completely misses you. The ufetubus hits you.
The shadow imp barely misses you.
The ufetubus hits you but does no damage.
The ufetubus closely misses you.
You hit the ufetubus.
The ufetubus is severely wounded.
The ufetubus closely misses you. x2; The shadow imp hits you.
You barely miss the ufetubus.
The ufetubus is severely wounded.
The ufetubus hits you.
* * * LOW HITPOINT WARNING * * *
The ufetubus hits you.
* * * LOW HITPOINT WARNING * * *
The shadow imp disappears for a moment.
The shadow imp hits you.
* * * LOW HITPOINT WARNING * * *
The ufetubus barely misses you. x2
Casting: Pain (safe; 1% risk of failure)
Confirm with . or Enter, or press ? or * to list all spells.
You can't see any susceptible monsters within range! (Use Z to cast anyway.) Unknown command.
Unknown command.
It was a potion of flight.
You feel very buoyant.
You fly up into the air.
The ufetubus hits you but does no damage.
The ufetubus hits you.
You die...

##### ##...##
#..∩..# #..∩..#
#.....# ##..)##
###)###############
#...@5.............
#.≈≈≈5..≈.≈≈≈≈≈≈≈≈.
#≈≈≈≈≈≈≈≈≈≈≈≈≈≈≈≈..
################≈≈.
≈. .


You could see a shadow imp and an ufetubus.

Vanquished Creatures
  2 adders (D:2)
  A worm (D:3)
  2 dart slugs
  8 ball pythons
  7 bats
  10 endoplasms
  4 giant cockroaches
  11 goblins
  4 hobgoblins
  A quokka (D:2)
  4 frilled lizards (D:1)
  5 kobolds
  9 rats
  A bush (D:1)
69 creatures vanquished.

Vanquished Creatures (others)
  2 plants (D:1)
2 creatures vanquished.

Grand Total: 71 creatures vanquished

Notes
Turn   | Place    | Note
-------+----------+-------------------------------------------
     0 | D:1      | ZARRMARR the Deep Elf Necromancer began the quest for the
                  | Orb.
     0 | D:1      | Reached XP level 1. HP: 10/10 MP: 6/6
    95 | D:1      | Reached skill level 5 in Necromancy
   345 | D:1      | Reached XP level 2. HP: 9/15 MP: 2/8
  1319 | D:1      | Reached XP level 3. HP: 15/19 MP: 4/9
  1494 | D:1      | Found a faded altar of an unknown god.
  2667 | D:1      | Learned a level 3 spell: Vampiric Draining
  2887 | D:2      | Found a snail-covered altar of Cheibriados.
  3431 | D:2      | Reached XP level 4. HP: 23/24 MP: 10/12
  3433 | D:2      | Reached skill level 6 in Necromancy
  4344 | D:3      | Found a glowing drain.
  4486 | Sewer    | Entered a sewer
  4549 | Sewer    | HP: 1/24 [shadow imp (4)]
  4550 | Sewer    | Slain by an ufetubus

Illustrated notes

Levels and vault maps discovered:
D:1:      psy_arrival_statuary, layout_rooms,
          shapermc_ecumenical_altar_hornbeckon, serial_forest,
          infiniplex_forest_lined_2, infiniplex_forest_end_3,
          infiniplex_forest_corner_2, infiniplex_forest_clump_small,
          infiniplex_forest_end_double, infiniplex_forest_zigzag_1,
          infiniplex_forest_corner_2, amcnicky_mini_rare_corridor_liquid,
          hex_medium
D:2:      cheibrodos_greedy_goblins, layout_loops_ring, basic_altar,
          minmay_misc_feat_doors
D:3:      wad_crossroads, layout_loops_ring, portal_sewer_entry_e,
          hangedman_glass_teeth, uniq_purgy
Sewer:    kennysheep_sewer_church

Skill      XL: |  1  2  3  4 |
---------------+-------------+-----
Necromancy     | 5 6 |  6.1
Spellcasting   | 4 |  4.7
Dodging        | |  2.6
Stealth        | |  2.5

Action                   |  1- 3 |  4- 6 || total
-------------------------+-------+-------++-------
Melee: Dagger            |   904 |    21 ||   925
Throw: Dart              |     7 |    12 ||    19
       Boomerang         |       |     8 ||     8
 Cast: Pain              |    66 |    30 ||    96
       Vampiric Draining |     6 |     4 ||    10
  Use: Scroll            |       |     3 ||     3
       Potion            |       |     1 ||     1
Armor: Robe              |     1 |     6 ||     7
Dodge: Dodged            |     6 |    19 ||    25
